 Dungeon Crawl Stone Soup version 0.24-a0-140-gcaa6c10 (webtiles) character file.

Game seed: 0

12448 Lanoc the Arsonist (level 11, -5/54 HPs)
             Began as a Deep Elf Fire Elementalist on Mar 4, 2019.
             Was a Priest of Ashenzari.
             Slain by a yak (15 damage)
             ... on level 12 of the Dungeon.
             The game lasted 00:48:16 (13433 turns).

Lanoc the Arsonist (Deep Elf Fire Elementalist)    Turns: 13433, Time: 00:48:16

Health: -5/54      AC: 17    Str:  5    XL:     11   Next: 62%
Magic:  10/28      EV: 19    Int: 24    God:    Ashenzari [***...]
Gold:   887        SH:  0    Dex: 15    Spells: 21/32 levels left

rFire    + + .     SeeInvis +   i - +8 whip of the Jolly Runes {slash, +Inv +Fly rF++ Int-3} (curse)
rCold    . . .     Gourm    .   (no shield)
rNeg     . . .     Faith    .   o - +2 robe {MR+} (curse)
rPois    .         Spirit   .   G - +2 helmet {Int+3}
rElec    .         Reflect  .   t - +2 cloak
rCorr    +         Harm     .   y - +0 pair of gloves
MR       ++...                  p - +0 pair of boots
Stlth    ++........             (no amulet)
HPRegen  0.18/turn              r - +5 ring of protection
MPRegen  0.21/turn              L - ring of resist corrosion

@: no status effects
A: no striking features
a: Curse Item, Scrying, Renounce Religion, Evoke Invisibility, Evoke Flight


You were on level 12 of the Dungeon.
You worshipped Ashenzari.
Ashenzari was most pleased with you.
You were not hungry.

You visited 2 branches of the dungeon, and saw 13 of its levels.
You also visited: Sewer and Bailey.

You collected 887 gold pieces.

Inventory:

Hand Weapons
 i - the cursed +8 whip of the Jolly Runes (weapon) {slash, +Inv +Fly rF++ Int-3}
   (You took it off a centaur on level 9 of the Dungeon)

   It inflicts extra damage upon your enemies.
   It affects your intelligence (-3).
   It greatly protects you from fire.
   It lets you turn invisible.
   It lets you fly.
   It has a curse placed upon it.
Armour
 o - a cursed +2 robe of magic resistance (worn)
 p - a +0 pair of boots (worn)
 t - a +2 cloak (worn)
 y - a +0 pair of gloves (worn)
 G - a +2 helmet of intelligence (worn)
Jewellery
 r - a +5 ring of protection (left hand)
 v - an uncursed ring of positive energy
 L - a ring of resist corrosion (right hand)
Wands
 e - a wand of scattershot (6)
 f - a wand of acid (5)
 E - a wand of iceblast (15)
 I - a wand of paralysis (15)
Scrolls
 b - a scroll of identify
 d - 8 scrolls of teleportation
 h - 3 scrolls of magic mapping
 j - 2 scrolls of enchant weapon
 k - a scroll of blinking
 q - a scroll of fog
 u - 2 scrolls of fear
 w - 3 scrolls of summoning
 x - a scroll of brand weapon
 z - 2 scrolls of remove curse
 A - a scroll of enchant armour
 F - a scroll of amnesia
 H - a scroll of immolation
Potions
 a - 2 potions of mutation
 g - 3 potions of curing
 l - 2 potions of flight
 m - 2 potions of heal wounds
 n - 2 potions of lignification
 s - a potion of agility
 B - a potion of brilliance
 C - a potion of might
 D - 2 potions of haste
 J - a potion of berserk rage {unknown}
Comestibles
 c - 19 rations
 K - a chunk of flesh


   Skills:
 + Level 10.3 Dodging
 - Level 2.4 Stealth
 + Level 11.2 Spellcasting
 + Level 9.3 Conjurations
 * Level 13.0 Fire Magic


You had 21 spell levels left.
You knew the following spells:

 Your Spells              Type           Power        Failure   Level  Hunger
a - Flame Tongue          Conj/Fire      #####        1%          1    None
b - Apportation           Tloc           ##....       4%          1    None
c - Sticky Flame          Conj/Fire      ######..     1%          4    None
d - Fireball              Conj/Fire      ######....   1%          5    ####...

Your spell library contained the following spells:

 Spells                   Type           Power        Failure   Level  Hunger
 Sting                    Conj/Pois      ####         1%          1    None
 Throw Flame              Conj/Fire      ######       1%          2    None
 Conjure Flame            Conj/Fire      ######..     1%          3    None
 Inner Flame              Hex/Fire       #####...     1%          3    None
 Animate Skeleton         Necr           N/A          4%          1    None
 Confusing Touch          Hex            ##....       4%          1    None
 Summon Small Mammal      Summ           ##..         4%          1    None
 Mephitic Cloud           Conj/Pois/Air  ####....     4%          3    None
 Poisonous Vapours        Pois/Air       ##....       7%          2    None
 Venom Bolt               Conj/Pois      #####.....   19%         5    ####...
 Cause Fear               Hex            ##........   43%         4    None
 Olgreb's Toxic Radiance  Pois           ##......     43%         4    None
 Silence                  Hex/Air        ##........   78%         5    ####...
 Yara's Violent Unravell  Hex/Tmut       ##........   78%         5    ####...
 Deflect Missiles         Chrm/Air       ##........   100%        6    #####..
 Discord                  Hex            ##........   100%        8    #######


Dungeon Overview and Level Annotations

Branches:
Dungeon (12/15)            Temple (1/1) D:5            Lair (0/6) D:8
    Orc (0/2) D:9

Altars:
Ashenzari
Cheibriados
Dithmenos
Elyvilon
Fedhas
Gozag
Hepliaklqana
Kikubaaqudgha
Makhleb
Nemelex Xobeh
Okawaru
Qazlal
Ru
Sif Muna
Trog
Uskayaw
Vehumet
Wu Jian
Xom
Yredelemnul
Zin
The Shining One

Shops:
D:10 [

Annotations:
D:2 Sigmund
D:12 2 transporters, Arum's ghost, journeyman DsGl


Message History

The yak burns! x2; The yak stops burning.
The yak gores you but does no damage.
You hit the yak.
You kill the yak!
The yak gores you but does no damage.
Casting: Sticky Flame (safe; 1% risk of failure)
Confirm with . or Enter, or press ? or * to list all spells.
Aiming: Sticky Flame (safe; 1% risk of failure)
Press: ? - help, Shift-Dir - straight line, f - yak
Aim: a yak The sticky flame hits the yak.
The yak is lightly wounded.
The yak is covered in liquid flames!
The yak burns!
The yak gores you!!
* * * LOW HITPOINT WARNING * * *
You hit the yak.
The yak is moderately wounded.
The yak burns!
The yak completely misses you.
You hit the yak but do no damage.
The yak is severely wounded.
The yak burns!
The yak gores you!
You die...

..........#,* * *
##..
###.......###### ,
##.
#.......#..#%%*
#####.
#.......#..#.%* *
#..... #
#.......#..'.. ,
#.###.
###.......#..#..*
* * #.....
.######+### ,#..*
..* #..... .# **
,** *##)## .#*
#..... .# **
#..@##># #.....
##* , , * ##.#Y#.#
#..... ### ,
###.....####
####.. ..+ , , ,,
+........... , ###
### ,
,,####....####***,
,..# * , ,, ,
##.#.# ,,... * *
#...# ,, ,,,**
#.### ,* # #+#*
#.# #..


You could see a yak (burning).

Vanquished Creatures
  3 two-headed ogres
  Sonja (D:12)
  2 orc knights (Bailey)
  An ugly thing (D:10)
  A gargoyle (D:11)
  2 komodo dragons
  A troll (D:10)
  A hippogriff (D:9)
  Eustachio (D:6)
  2 hogs (D:12)
  5 yaks
  A human (D:12)
  A hungry ghost (D:7)
  Menkaure (D:6)
  Edmund (D:5)
  2 water moccasins
  3 sky beasts
  An eye of draining (D:11)
  An ice beast (D:4)
  10 orc warriors
  5 ogres
  2 necrophages
  4 centaurs
  2 big kobolds
  Blork the orc (D:4)
  7 bullfrogs
  3 scorpions
  A water moccasin zombie (D:6)
  11 killer bees
  3 wights (D:8)
  A howler monkey (D:6)
  3 crimson imps
  2 bullfrog zombies
  2 centaur zombies (D:6)
  3 bullfrog skeletons
  2 hounds
  A jelly (D:10)
  8 orc priests
  16 orc wizards
  Jessica (D:3)
  Natasha (twice) (D:3)
  5 iguanas
  11 worker ants
  A hound skeleton (D:9)
  A worker ant zombie (D:6)
  Robin (D:2)
  10 adders
  2 river rats (Sewer)
  2 shadow imps
  2 adder zombies
  An adder skeleton (D:10)
  3 dart slugs (D:1)
  3 leopard geckos
  54 orcs
  5 giant cockroaches
  7 hobgoblins
  17 jackals
  18 kobolds
  3 quokkas
  2 ball pythons
  6 bats
  A frilled lizard (D:2)
  17 goblins
  A leopard gecko skeleton (D:6)
  2 quokka skeletons
  A quokka zombie (D:5)
  13 rats
310 creatures vanquished.

Vanquished Creatures (others)
  12 plants (D:8)
12 creatures vanquished.

Grand Total: 322 creatures vanquished

Notes
Turn   | Place    | Note
-------+----------+-------------------------------------------
     0 | D:1      | Lanoc the Deep Elf Fire Elementalist began the quest for
                  | the Orb.
     0 | D:1      | Reached XP level 1. HP: 10/10 MP: 6/6
    36 | D:1      | Reached XP level 2. HP: 15/15 MP: 0/8
   502 | D:1      | Reached XP level 3. HP: 19/19 MP: 4/9
   984 | D:2      | Noticed Robin
   986 | D:2      | Reached skill level 4 in Fire Magic
  1094 | D:2      | Killed Robin
  1446 | D:2      | Reached XP level 4. HP: 24/24 MP: 9/11
  1519 | D:2      | Noticed Sigmund
  1932 | D:3      | Noticed an ogre
  1940 | D:3      | Killed an ogre
  1940 | D:3      | Reached skill level 5 in Fire Magic
  1940 | D:3      | Reached XP level 5. HP: 14/28 MP: 3/13
  1966 | D:3      | Noticed Jessica
  2109 | D:3      | Found a glowing drain.
  2122 | Sewer    | Entered a sewer
  2189 | Sewer    | Learned a level 1 spell: Apportation
  2194 | Sewer    | Learned a level 4 spell: Sticky Flame
  2200 | Sewer    | Learned a level 5 spell: Fireball
  2382 | Sewer    | Reached XP level 6. HP: 24/32 MP: 9/15
  2450 | Sewer    | Found a white marble altar of Elyvilon.
  2855 | D:3      | Noticed Natasha
  2859 | D:3      | Killed Natasha
  2939 | D:3      | Killed Jessica
  3032 | D:3      | Noticed Natasha
  3040 | D:3      | Killed Natasha
  3040 | D:3      | Reached skill level 5 in Spellcasting
  3099 | D:4      | Found a shadowy altar of Dithmenos.
  3125 | D:4      | Found a shattered altar of Ashenzari.
  3144 | D:4      | Found a stormy altar of Qazlal.
  3211 | D:4      | Became a worshipper of Ashenzari the Shackled
  3238 | D:4      | Reached skill level 6 in Fire Magic
  3443 | D:4      | Found an ornate altar of the Wu Jian Council.
  3466 | D:4      | Reached XP level 7. HP: 36/36 MP: 6/16
  3841 | D:5      | Entered Level 5 of the Dungeon
  3842 | D:5      | Found a staircase to the Ecumenical Temple.
  3853 | Temple   | Entered the Ecumenical Temple
  4049 | D:5      | Noticed Blork the orc
  4058 | D:4      | Killed Blork the orc
  4248 | D:5      | Reached skill level 5 in Dodging
  4284 | D:4      | Reached skill level 7 in Fire Magic
  4570 | D:5      | Noticed Edmund
  4580 | D:5      | Killed Edmund
  4580 | D:5      | Reached XP level 8. HP: 41/41 MP: 14/19
  4643 | D:5      | Found a sparkling altar of Nemelex Xobeh.
  5024 | D:6      | Found a burning altar of Makhleb.
  5040 | D:6      | Reached skill level 5 in Conjurations
  5065 | D:6      | Reached skill level 8 in Fire Magic
  5097 | D:6      | Reached * piety under Ashenzari
  5202 | D:6      | Found a snail-covered altar of Cheibriados.
  5202 | D:6      | Found a white marble altar of Elyvilon.
  5203 | D:6      | Found an opulent altar of Gozag.
  5221 | D:6      | Found a sacrificial altar of Ru.
  5275 | D:6      | Noticed Eustachio
  5286 | D:6      | Killed Eustachio
  5294 | D:6      | Found an ornate altar of the Wu Jian Council.
  5389 | D:6      | Noticed Menkaure
  5392 | D:6      | Killed Menkaure
  5446 | D:6      | Reached XP level 9. HP: 40/45 MP: 9/22
  5586 | D:6      | Reached skill level 9 in Fire Magic
  6017 | D:7      | Found a basalt altar of Yredelemnul.
  6678 | D:8      | Found a radiant altar of Vehumet.
  6685 | D:8      | Reached ** piety under Ashenzari
  6725 | D:8      | Reached skill level 10 in Fire Magic
  6919 | D:8      | Noticed a komodo dragon
  6932 | D:8      | Killed a komodo dragon
  7166 | D:8      | Found a staircase to the Lair.
  7547 | D:8      | HP: 2/45 [orc warrior/cursed +0 glaive (16)]
  8274 | D:8      | Reached XP level 10. HP: 50/50 MP: 16/24
  8506 | D:9      | Found a staircase to the Orcish Mines.
  9190 | D:9      | Identified the +8 whip of the Jolly Runes {slash, +Inv +Fly
                  | rF++ Int-3}
  9203 | D:9      | Reached skill level 11 in Fire Magic
  9426 | D:9      | Found a shimmering altar of Xom.
  9528 | D:9      | Noticed a two-headed ogre
  9678 | D:9      | Killed a two-headed ogre
  9976 | D:10     | Entered Level 10 of the Dungeon
 10124 | D:10     | Found Huironin's Antique Armour Shop.
 10164 | D:10     | Noticed a cyan ugly thing
 10183 | D:10     | Killed a cyan ugly thing
 10183 | D:10     | Reached skill level 10 in Spellcasting
 10560 | D:10     | Reached *** piety under Ashenzari
 11099 | D:11     | Noticed a two-headed ogre
 11129 | D:11     | Killed a two-headed ogre
 11129 | D:11     | Reached skill level 12 in Fire Magic
 11129 | D:11     | Reached XP level 11. HP: 54/54 MP: 13/27
 11167 | D:11     | Found a flagged portal.
 11172 | Bailey   | Entered a bailey
 11464 | Bailey   | Noticed an orc knight
 11464 | Bailey   | Noticed an orc knight
 11468 | Bailey   | Killed an orc knight
 11602 | Bailey   | Killed an orc knight
 11980 | Bailey   | Identified the +1 leather armour of the Trout {rC+ rCorr
                  | Int-3 Dex+5}
 12107 | D:11     | Noticed a two-headed ogre
 12115 | D:11     | Killed a two-headed ogre
 12511 | D:11     | Reached skill level 10 in Dodging
 12805 | D:12     | Noticed Sonja
 12812 | D:12     | Killed Sonja
 13014 | D:12     | Found a shattered altar of Ashenzari.
 13224 | D:12     | Found a transporter.
 13225 | D:12     | Noticed a deep elf mage
 13225 | D:12     | Noticed a flayed ghost
 13237 | D:12     | Noticed Arum's ghost (journeyman DsGl)
 13237 | D:12     | Noticed a storm dragon
 13256 | D:12     | Found a transporter.
 13256 | D:12     | Noticed a tengu reaver
 13419 | D:12     | Reached skill level 13 in Fire Magic
 13433 | D:12     | Slain by a yak

Levels and vault maps discovered:
D:1:      ncdulo_wetmaze, layout_basic
D:2:      layout_loops_cross, chequers_ecumenical_altar_simple, uniq_sigmund,
          uniq_robin
D:3:      layout_loops_cross, portal_sewer_entry_d, uniq_jessica, uniq_natasha
D:4:      layout_rooms, lemuel_round_altar, grunt_temple_overflow_open,
          first_ration, serial_rivers, chequers_serial_rivers_large_b,
          chequers_serial_rivers_micro_d, chequers_serial_rivers_micro_d,
          chequers_serial_rivers_micro_a, chequers_serial_rivers_micro_c,
          chequers_serial_rivers_room_b
D:5:      layout_rooms, lemuel_coloured_pillars_altar,
          minmay_temple_entry_crystal_x, uniq_blork_the_orc, uniq_edmund
D:6:      layout_loops_ring, gammafunk_temple_overflow_claw,
          lemuel_doored_altar, old_standard_altar, basic_altar, serial_undead,
          serial_undead_c, serial_undead_d, serial_undead_a, serial_undead_b,
          uniq_menkaure, uniq_eustachio
D:7:      layout_cave_pools, yredelemnul_altar_generic
D:8:      layout_gridville, david_lair_shrubbed, basic_altar
D:9:      layout_rooms, kennysheep_mini, orc_0_dummy
D:10:     layout_irregular_city, serial_shops, nicolae_shop_behind_doors
D:11:     layout_loops_cross, enter_bailey_3
D:12:     layout_loops_corners, gammafunk_ghost_arena, grunt_livestock,
          nicolae_ashenzari_panopticon, uniq_sonja, uniq_jorgrun
Temple:   jpeg_temple_alley_garden
Sewer:    sewer_kobolds
Bailey:   bailey_polearm_1, bailey

Skill      XL: |  1  2  3  4  5  6  7  8  9 10 11 |
---------------+----------------------------------+-----
Fire Magic     | 4 5 6 7 8 10 12 13 | 13.0
Dodging        | 3 4 5 6 8 9 10 | 10.3
Conjurations   | 2 3 4 5 7 8 9 |  9.3
Spellcasting   | 4 5 6 7 8 10 11 | 11.2
Stealth        | |  2.4

Action                   |  1- 3 |  4- 6 |  7- 9 | 10-12 || total
-------------------------+-------+-------+-------+-------++-------
Melee: Unarmed           |     3 |     2 |    27 |       ||    32
       Long sword        |       |       |   121 |       ||   121
       Trident           |       |       |    71 |    19 ||    90
       Whip              |       |       |       |   127 ||   127
 Cast: Flame Tongue      |    79 |   109 |   166 |   123 ||   477
       Sticky Flame      |       |     3 |    41 |    44 ||    88
       Fireball          |       |       |       |    32 ||    32
Invok: Curse Item        |       |     1 |       |     1 ||     2
  Use: Scroll            |       |     7 |     8 |     8 ||    23
       Potion            |       |     4 |       |       ||     4
 Stab: Sleeping          |       |       |       |     2 ||     2
  Eat: Chunk             |     1 |     7 |    14 |    20 ||    42
       Ration            |       |       |     2 |     1 ||     3
Armor: Robe              |     7 |     7 |   100 |    62 ||   176
Dodge: Dodged            |    20 |    32 |   317 |   239 ||   608
       Rpst.: Long sword |       |       |    44 |       ||    44

Table legend:
 A = Non-vault XP
 B = Vault XP
 C = Vault XP percentage of total XP
 D = Non-vault monster count
 E = Vault monster count
 F = Vault count percentage of total count
                 A         B        C        D         E       F
            +---------+---------+-------+---------+---------+-------
      Total |   12983 |    4800 |  27.0 |     254 |      56 |  18.1
            +---------+---------+-------+---------+---------+-------
        D:1 |      45 |       0 |   0.0 |      22 |       0 |   0.0
        D:2 |      29 |      35 |  54.7 |      20 |      11 |  35.5
        D:3 |     276 |      85 |  23.5 |      29 |       3 |   9.4
        D:4 |     421 |      94 |  18.3 |      14 |       1 |   6.7
        D:5 |     218 |     162 |  42.6 |      10 |       1 |   9.1
        D:6 |    1069 |     550 |  34.0 |      26 |       6 |  18.8
        D:7 |     613 |       0 |   0.0 |      13 |       0 |   0.0
        D:8 |    1950 |     350 |  15.2 |      43 |       1 |   2.3
        D:9 |    2527 |       0 |   0.0 |      24 |       0 |   0.0
       D:10 |    2004 |       0 |   0.0 |      29 |       0 |   0.0
       D:11 |    3214 |       8 |   0.2 |      19 |       4 |  17.4
       D:12 |     617 |    1577 |  71.9 |       5 |       5 |  50.0
      Sewer |       0 |     140 | 100.0 |       0 |       9 | 100.0
     Bailey |       0 |    1799 | 100.0 |       0 |      15 | 100.0
            +---------+---------+-------+---------+---------+-------
